 Dungeon Sprint DCSS version 0.26.1-10-gdfb7c7de75 (webtiles) character file.

Game seed: 6294643727764555589

253 phalm the Ruffian (level 6, -8/36 HPs)
             Began as a Vine Stalker Berserker on Apr 8, 2021.
             Was a Follower of Trog.
             Mangled by a neqoxec (11 damage)
             ... in the Dungeon (Sprint II: "The Violet Keep of Menkaure").
             The game lasted 00:00:21 (27 turns).

phalm the Ruffian (Vine Stalker Berserker)            Turns: 27, Time: 00:00:22

Health: -8/36      AC:  2    Str: 19      XL:     6   Next: 14%
Magic:  0/7        EV: 15    Int:  2 (7)  God:    Trog [*.....]
Gold:   0          SH:  0    Dex: 15 (16) Spells: 5/5 levels left

rFire    . . .     SeeInvis .     - Unarmed
rCold    . . .     Faith    .   (no shield)
rNeg     . . .     Spirit   +   a - +0 animal skin
rPois    .         Reflect  .   (no helmet)
rElec    .         Harm     .   (no cloak)
rCorr    .         Rampage  .   (no gloves)
Will     .....     NoTele   +   (no boots)
Stlth    +.........             (no amulet)
HPRegen  0.52/turn              (no ring)
MPRegen  0.10/turn              (no ring)

@: berserk cooldown, slowed, very slow
A: fangs 2, regeneration 1, magic shield, antimagic bite, no potion heal 3
a: Renounce Religion, Berserk


You were in the Dungeon.
You worshipped Trog.
Trog was aware of your devotion.
You visited 1 branch

Inventory:

Armour
 a - a +0 animal skin (worn)
Scrolls
 f - a scroll of blinking
Potions
 b - a potion of curing
 c - a potion of haste
 d - 2 potions of magic
 e - a potion of berserk rage


   Skills:
 + Level 6.2 Fighting
 + Level 5.3 Armour
 + Level 5.3 Dodging
 + Level 6.8 Unarmed Combat


You had 5 spell levels left.
You didn't know any spells.
Your spell library was empty.

Dungeon Overview and Level Annotations

Branches:
Dungeon (1/1)

Altars:


Innate Abilities, Weirdness & Mutations

You have extremely sharp teeth.
Your natural rate of healing is unusually fast.
When hurt, damage is shared between your health and your magic reserves.
Your bite disrupts and absorbs the magic of your enemies.
Potions cannot restore your health.


Message History

You punch the neqoxec! Your bite misses the neqoxec.
The neqoxec is heavily wounded.
The neqoxec gestures at you.
You feel dopey. Something feeds on your intellect!
The neqoxec gestures.
You closely miss the neqoxec. Your bite misses the neqoxec.
The neqoxec is heavily wounded.
The quasit barely misses you. The quasit closely misses you.
The quasit barely misses you. The neqoxec hits you!
* * * LOW HITPOINT WARNING * * *
You punch the neqoxec! Your bite misses the neqoxec.
The neqoxec is severely wounded.
The quasit misses you.
The quasit claws you but does no damage.
The quasit claws you.
* * * LOW HITPOINT WARNING * * *
You feel clumsy. The neqoxec hits you!
You die...

#°.○
°3'
...
##'#
#.$.##
##.#
##.##
#3##
##@##
+5<.+
##.##
#+#


You could see a neqoxec and a quasit (summoned).

Vanquished Creatures
  2 neqoxecs (D)
2 creatures vanquished.

Vanquished Creatures (others)
  Menkaure (D)
1 creature vanquished.

Grand Total: 3 creatures vanquished

Notes
Turn   | Place    | Note
-------+----------+-------------------------------------------
     0 | D        | phalm the Vine Stalker Berserker began the quest for the
                  | Orb.
     0 | D        | Reached XP level 1. HP: 11/11 MP: 2/2
     1 | D        | Noticed a neqoxec
     1 | D        | Noticed a neqoxec
     3 | D        | Noticed an iron imp
     7 | D        | Killed a neqoxec
     8 | D        | Reached skill level 5 in Fighting
     8 | D        | Reached skill level 5 in Unarmed Combat
     8 | D        | Reached XP level 2. HP: 12/18 MP: 3/3
     8 | D        | Reached XP level 3. HP: 15/23 MP: 4/4
     8 | D        | Gained mutation: Your natural rate of healing is unusually
                  | fast. [Vine Stalker growth]
     8 | D        | Reached XP level 4. HP: 18/27 MP: 5/5
     8 | D        | Reached XP level 5. HP: 20/30 MP: 6/6
    14 | D        | Killed a neqoxec
    15 | D        | Reached skill level 5 in Armour
    15 | D        | Reached skill level 5 in Dodging
    15 | D        | Reached XP level 6. HP: 20/36 MP: 5/7
    15 | D        | Noticed a neqoxec
    20 | D        | Killed Menkaure
    27 | D        | Mangled by a neqoxec

Illustrated notes

Levels and vault maps discovered:
D:        the_violet_keep_of_menkaure [sprint2_stairs_cluster_1,
          sprint2_shoproom, sprint2_temple, sprint2_basic_supplies,
          sprint2_obstacle_4, sprint2_obstacle_6, sprint2_obstacle_3,
          sprint2_obstacle_5, sprint2_obstacle_7, sprint2_timed_cluster_1,
          sprint2_smallroom_cluster_1, sprint2_smallroom_final_cluster_1,
          sprint2_transparent_cluster_1, sprint2_second_timed_cluster_1,
          sprint2_sniper_area_1, sprint2_heavy_combat_area_1,
          sprint2_mutation_trap_area_1, sprint2_forest_area_1,
          sprint2_light_combat_area_1, sprint2_behind_water_1,
          sprint2_near_end_vault_1]

Skill      XL: |  1  2  3  4  5 |
---------------+----------------+-----
Fighting       | 5 6 |  6.2
Armour         | 4 5 |  5.3
Dodging        | 4 5 |  5.3
Unarmed Combat | 5 6 |  6.8

Action                   |  1- 3 |  4- 6 || total
-------------------------+-------+-------++-------
Melee: Unarmed           |     4 |    11 ||    15
       Bite              |     3 |     2 ||     5
Invok: Berserk           |     1 |       ||     1
Armor: Animal skin       |     1 |     1 ||     2
Dodge: Dodged            |     1 |     7 ||     8
